AoeStats
← metathesis19

MegaRandom

510214907Analyzed
3v3 RM · 3d ago on Sep 30, 2026· 44m 46s· 6 players
Game mode
Random Map
Map size
Normal (6 player)
Population
200
Speed
Normal
Resources
Standard
Victory
Conquest
Starting age
Dark Age
Ending age
Imperial Age
RankedLock teamsTeams togetherTeam positionsShared explorationLock speedFull tech treeHidden civsTurbo modeCheats
Victory
Defeat
🇺🇸 Tupi · United States
1096
+12
🇺🇸 Maya · United States
1069
+13
🇺🇸 Poles · United States
1056
+14
🇲🇽 Armenians · Mexico
1061
-15
🇨🇳 Huns · China
1001
-13
🇨🇴 Persians · Colombia
961
-11
Stephen Ocka
3:57 Loom
16:33 Feudal Age
17:22 Arson
17:39 Man-at-Arms
23:48 Castle Age
22:57 Gold Mining
22:56 Double-Bit Axe
26:22 Fletching
42:23 Padded Archer Armor
oscarivanrt1
15:11 Feudal Age
13:26 Loom
16:16 Town Watch
20:36 Gold Mining
31:49 Castle Age
s1mple
4:48 Loom
16:10 Feudal Age
17:12 Double-Bit Axe
19:13 Horse Collar
21:23 Gold Mining
31:23 Castle Age
30:49 Bloodlines
30:55 Scale Barding Armor
31:01 Forging
33:19 Chain Barding Armor
33:35 Iron Casting
33:04 Husbandry
32:28 Light Cavalry
38:15 Marauders
jimmykacz
9:05 Loom
12:24 Feudal Age
13:13 Double-Bit Axe
13:31 Horse Collar
17:35 Scale Barding Armor
24:41 Castle Age
23:13 Bloodlines
24:54 Light Cavalry
26:41 Forging
27:29 Husbandry
28:28 Chain Barding Armor
30:27 Wheelbarrow
32:13 Iron Casting
33:56 Hand Cart
35:15 Caravan
36:22 Bow Saw
43:08 Imperial Age
41:25 Heavy Plow
43:20 Winged Hussar
KarlPS
12:07 Loom
15:15 Feudal Age
20:38 Castle Age
20:59 Double-Bit Axe
26:56 Horse Collar
29:40 Town Watch
30:29 Fletching
33:45 Wheelbarrow
33:12 Padded Archer Armor
33:38 Bodkin Arrow
36:06 Hand Cart
37:18 Caravan
39:00 Ballistics
40:11 Bow Saw
41:05 Heavy Plow
metathesis19
13:06 Loom
15:31 Feudal Age
19:26 Castle Age
17:50 Double-Bit Axe
18:47 Horse Collar
19:39 Fletching
19:44 Crossbowman
20:54 Bodkin Arrow
28:41 Elite Skirmisher
32:02 Wheelbarrow
32:03 Heavy Plow
33:33 Thumb Ring
34:46 Bow Saw
35:59 Scale Mail Armor
36:10 Forging
36:50 Ballistics
36:34 Pikeman
37:17 Squires
42:56 Imperial Age
41:15 Eagle Warrior
42:33 Chain Mail Armor
44:12 Halberdier
Connection lost

Rejoining the realm…

Still unreachable

The connection could not be restored.

Session expired

The server has moved on; the page needs a fresh start.